 Dungeon Crawl Stone Soup version 0.25-a0-589-g1e14c549ee (webtiles) character file.

Game seed: 11399917863995504135, levelgen mode: deterministic

58 Aggronaut the Chopper (level 3, 0/29 HPs)
             Began as a Demonspawn Monk on Mar 12, 2020.
             Succumbed to an adder's poison
             ... on level 1 of the Dungeon.
             The game lasted 00:03:31 (1809 turns).

Aggronaut the Chopper (Demonspawn Monk)             Turns: 1809, Time: 00:03:32

Health: 0/29       AC:  4    Str: 12    XL:     3   Next: 76%
Magic:  6/6        EV: 13    Int: 11    God:
Gold:   52         SH:  0    Dex: 15    Spells: 6/6 levels left

rFire    . . .     SeeInvis .   a - +0 hand axe
rCold    . . .     Gourm    .   (no shield)
rNeg     . . .     Faith    .   b - +0 robe
rPois    .         Spirit   .   (helmet restricted)
rElec    .         Reflect  .   (no cloak)
rCorr    .         Harm     .   (no gloves)
MR       .....                  (no boots)
Stlth    ++........             (no amulet)
HPRegen  0.09/turn              (no ring)
MPRegen  0.10/turn              (no ring)

@: lethally poisoned (0 -> -6)
A: antennae 1, molten scales 1
a: no special abilities


You were on level 1 of the Dungeon.
You were not hungry.

You visited 1 branch of the dungeon, and saw 2 of its levels.

You collected 52 gold pieces.

Inventory:

Hand Weapons
 a - a +0 hand axe (weapon)
Armour
 b - a +0 robe (worn)
Scrolls
 d - a scroll of teleportation {unknown}
 g - a scroll of fog {unknown}
 j - a scroll of enchant armour {unknown}
Potions
 e - 2 potions of mutation
 h - a potion of stabbing
Comestibles
 c - 5 rations


   Skills:
 - Level 3.0 Fighting
 + Level 3.1 Axes
 - Level 2.6 Dodging
 + Level 2.4 Stealth
 * Level 2.1 Spellcasting


You had 6 spell levels left.
You didn't know any spells.
Your spell library was empty.

Dungeon Overview and Level Annotations

Branches:
Dungeon (2/15)

Altars:
Nemelex Xobeh

Annotations:
D:1 Terence


Innate Abilities, Weirdness & Mutations

You have a pair of small antennae on your head.
You are partially covered in molten scales. (AC +2)


Message History

You closely miss Terence.
You feel sick. The adder bites you but does no damage.
Terence looks scornfully at you. Terence barely misses you.
The adder bites you.
You are more poisoned.
The adder poisons you!
You hit the adder.
You kill the adder!
You hit Terence but do no damage.
You feel sick. Terence hits you with a +0 flail!
* * * LOW HITPOINT WARNING * * *
Terence hits you with a +0 flail.
* * * LOW HITPOINT WARNING * * *
You see here an adder corpse.
Okay, then.
* * * LOW HITPOINT WARNING * * *
You feel sick.
* * * LOW HITPOINT WARNING * * *
You feel sick.
You die...

..#...###########.#
..#.............#.#
..#....##.........#
..#....#..........# ##########
######.#..........# #........#
#÷#..........# #.#####.##
#.#..........# #.# #.#
######.#.##...#.#.###.# #.#
................@.@.†># #÷#
######.#÷##.#.#.#..#### #.#
#.#.##.#.#....# #.#
#......#...#..# #.#
######.#.......(#..########.##
................(............#
.#####.########.##############
.+..............#
.#####.#######..#


You could see Terence.

Vanquished Creatures
  2 adders
  4 dart slugs (D:1)
  A leopard gecko (D:1)
  A giant cockroach (D:2)
  A hobgoblin (D:1)
  4 jackals (D:1)
  5 kobolds (D:1)
  A ball python (D:1)
  5 bats
  2 frilled lizards
  3 goblins
  6 rats
35 creatures vanquished.

Notes
Turn   | Place    | Note
-------+----------+-------------------------------------------
     0 | D:1      | Aggronaut the Demonspawn Monk began the quest for the Orb.
     0 | D:1      | Reached XP level 1. HP: 18/18 MP: 1/1
   185 | D:1      | Found a sparkling altar of Nemelex Xobeh.
   196 | D:1      | Gained mutation: You are partially covered in molten
                  | scales. (AC +2) [demonic ancestry]
   196 | D:1      | Reached XP level 2. HP: 18/24 MP: 3/3
   197 | D:1      | Reached skill level 1 in Spellcasting
   681 | D:1      | Gained mutation: You have a pair of small antennae on your
                  | head. [demonic ancestry]
   681 | D:1      | Reached XP level 3. HP: 18/29 MP: 5/5
  1461 | D:2      | Noticed Terence
  1807 | D:1      | HP: 1/29 [poisoned by an adder]
  1809 | D:1      | Succumbed to an adder's poison

Levels and vault maps discovered:
D:1:      scummos_arrival_gate, layout_basic, nemelex_xobeh_ov_fountains_minmay
D:2:      layout_basic, minivault_5, uniq_terence

Skill      XL: |  1  2  3 |
---------------+----------+-----
Stealth        | 2 |  2.4
Spellcasting   | 1 2 |  2.1
Axes           | 3 |  3.1
Fighting       | |  3.0
Dodging        | |  2.6

Action                   || total
-------------------------++-------
Melee: Hand axe          ||   125
  Use: Scroll            ||     2
       Potion            ||     2
 Stab: Sleeping          ||     3
  Eat: Chunk             ||     3
Armor: Robe              ||    38
Dodge: Dodged            ||    96

Table legend:
 A = Non-vault XP
 B = Vault XP
 C = Vault XP percentage of total XP
 D = Non-vault monster count
 E = Vault monster count
 F = Vault count percentage of total count
                 A         B        C        D         E       F
            +---------+---------+-------+---------+---------+-------
      Total |      84 |       0 |   0.0 |      35 |       0 |   0.0
            +---------+---------+-------+---------+---------+-------
        D:1 |      63 |       0 |   0.0 |      29 |       0 |   0.0
        D:2 |      21 |       0 |   0.0 |       6 |       0 |   0.0
            +---------+---------+-------+---------+---------+-------
